 Dungeon Crawl Stone Soup version 0.26.1-11-gd32895ea62 (webtiles) character file.

Game seed: 14888979453842927742

17987 Almogavar the Slinger (level 12, -1/110 HPs)
             Began as a Minotaur Berserker on Apr 30, 2021.
             Was a High Priest of Trog.
             Slain by urm's ghost (22 damage)
             ... on level 11 of the Dungeon.
             The game lasted 00:37:54 (15333 turns).

Almogavar the Slinger (Minotaur Berserker)         Turns: 15333, Time: 00:37:55

Health: -1/110     AC: 17    Str: 32    XL:     12   Next: 23%
Magic:  11/11      EV: 11    Int:  8    God:    Trog [*****.]
Gold:   853        SH:  4    Dex: 11    Spells: 11/11 levels left

rFire    . . .     SeeInvis .   U - +4 dagger of Ratweg {freeze, *Rage rF+ Int+4}
rCold    + . .     Faith    .   s - +0 buckler
rNeg     . . .     Spirit   .   z - +0 chain mail
rPois    .         Reflect  .   (helmet restricted)
rElec    .         Harm     .   c - +0 cloak
rCorr    .         Rampage  .   (no gloves)
Will     ++...     Rnd*Rage +   E - +2 pair of boots
Stlth    ..........             (no amulet)
HPRegen  1.28/turn              D - +6 ring of strength
MPRegen  0.12/turn              y - ring of ice

@: berserk cooldown, regenerating, slowed, very slow
A: retaliatory headbutt, horns 2
a: Renounce Religion, Berserk, Trog's Hand, Brothers in Arms


You were on level 11 of the Dungeon.
You worshipped Trog.
Trog was extremely pleased with you.
You visited 1 branch of the dungeon, and saw 12 of its levels.
You also visited: Sewer.

You collected 853 gold pieces.

Inventory:

Hand Weapons
 a - a +4 long sword of flaming
 j - the +5 dagger of Qoteni {drain, +Inv Int+4 SInv}
   (You found it on level 7 of the Dungeon)

   A truly terrible weapon, it drains the life of those it strikes.
   It affects your intelligence (+4).
   It lets you see invisible.
   It lets you turn invisible.
 w - a +1 hunting sling
 U - the +4 dagger of Ratweg (weapon) {freeze, *Rage rF+ Int+4}
   (You found it on level 12 of the Dungeon)

   It has been specially enchanted to freeze those struck by it, causing extra
   injury to most foes and up to half again as much damage against particularly
   susceptible opponents.
   It can also slow down cold-blooded creatures.
   It affects your intelligence (+4).
   It protects you from fire.
   It may make you go berserk in combat.
Missiles
 b - 124 sling bullets
 e - 450 stones
 h - 93 bolts
 m - 195 arrows
Armour
 c - a +0 cloak (worn)
 s - a +0 buckler (worn)
 z - a +0 chain mail (worn)
 C - a +0 plate armour
 E - a +2 pair of boots (worn)
 T - +0 acid dragon scales
Jewellery
 y - a ring of ice (right hand)
 A - a +4 ring of slaying
 D - a +6 ring of strength (left hand)
 F - a +6 ring of intelligence
Wands
 B - a wand of flame (51)
 I - a wand of acid (7)
 K - a wand of disintegration (45)
 S - a wand of paralysis (16)
 V - a wand of digging (4)
Scrolls
 f - a scroll of vulnerability {unknown}
 g - 8 scrolls of remove curse
 k - a scroll of enchant weapon
 n - a scroll of fear
 p - 2 scrolls of random uselessness {unknown}
 v - 2 scrolls of teleportation {unknown}
 x - 2 scrolls of blinking {unknown}
 H - a scroll of immolation {unknown}
 L - a scroll of magic mapping
 M - 2 scrolls of enchant armour
 Q - a scroll of holy word {unknown}
 R - a scroll of brand weapon {unknown}
Potions
 d - 4 potions of curing
 i - 3 potions of heal wounds
 l - 2 potions of lignification {unknown}
 o - a potion of degeneration {unknown}
 q - a potion of cancellation {unknown}
 r - 2 potions of berserk rage {unknown}
 t - 2 potions of flight {unknown}
 u - 3 potions of attraction {unknown}
 G - 2 potions of brilliance {unknown}
 J - a potion of haste {unknown}
 O - a potion of might
 P - 2 potions of magic {unknown}
Miscellaneous
 N - a phial of floods


   Skills:
 + Level 11.5 Fighting
 + Level 0.8(6.4) Short Blades
 + Level 10.9 Long Blades
 - Level 12.3 Slings
 + Level 11.8 Armour
 + Level 4.4 Dodging
 - Level 0.2 Stealth
 + Level 2.8 Shields


You had 11 spell levels left.
You didn't know any spells.
Your spell library was empty.

Dungeon Overview and Level Annotations

Branches:
Dungeon (12/15)            Temple (0/1) D:6            Lair (0/6) D:10
    Orc (0/2) D:12          Sewer (visited)

Altars:
Ashenzari
Makhleb
Nemelex Xobeh
Okawaru
Qazlal
Ru
Sif Muna
Xom
Yredelemnul
Zin

Shops:
D:4 =   D:7 (   D:8 *   D:10 :   D:11 *   D:12 :

Annotations:
D:6 1 runed translucent door
D:11 urm's ghost, journeyman TrBe


Innate Abilities, Weirdness & Mutations

You reflexively headbutt those who attack you in melee.
You have a pair of horns on your head.


Message History

You barely miss urm's ghost.
You headbutt urm's ghost, but do no damage.
Urm's ghost is heavily damaged.
Urm's ghost misses you.
You hit urm's ghost. You freeze urm's ghost.
Urm's ghost is heavily damaged.
Urm's ghost hits you but does no damage.
As you read the scroll labelled GOG HUCUIGI, it crumbles to dust.
It is a scroll of enchant armour.
Your +1 pair of boots glows green for a moment.
Urm's ghost hits you!!
* * * LOW HITPOINT WARNING * * *
Urm's ghost hits you but does no damage.
You feel much better. Urm's ghost closely misses you. You furiously retaliate!
You headbutt urm's ghost, but do no damage.
Your ogre goes berserk!
Urm's ghost hits you!
* * * LOW HITPOINT WARNING * * *
Urm's ghost hits you!!
You die...

#.......>.............######.....
########..#........#########.....
...##............................
...#..........##....∩.....)...##.
..........................######.
..........[..[.[.)........# #...
...............#......#...####...
.............)#...[...#...#......
...##....#...##W@.O..............
##.###.#.##...........######.###[
#.# #.#....#.#.......#####..###.
##.###.#..#......#..#..........).
..............#.##....##.........
##.#...)......#.##...............
#.#......<...#.#............)...
#..<................#.......)...
##..............................


You could see urm's ghost and a friendly ogre (summoned, berserk).

Vanquished Creatures
  A boulder beetle (D:11)
  5 two-headed ogres
  An unseen horror (D:11)
  A deep elf mage (D:7)
  An ugly thing (D:11)
  2 cyclopes
  Joseph (D:7)
  A rime drake (D:12)
  A centaur skeleton (D:10)
  2 ice devils
  5 trolls
  3 slime creatures (D:12)
  Grinder (D:6)
  Prince Ribbit (D:9)
  2 hornets
  A meliai zombie (D:11)
  A wraith (D:11)
  9 yaks
  Eustachio (D:4)
  Menkaure (D:5)
  4 water moccasins
  Purgy (Sewer)
  An acid dragon (D:11)
  4 orc warriors
  3 ice beasts
  A black bear (D:12)
  An eye of draining (D:10)
  4 sky beasts
  7 ogres
  A phantom (D:10)
  4 wolves (D:10)
  2 centaurs (D:8)
  A big kobold (D:7)
  Blork the orc (D:6)
  5 bullfrogs
  3 scorpions
  A wyvern skeleton (D:7)
  A hornet simulacrum (D:12)
  6 killer bees
  4 howler monkeys
  6 electric eels
  A quasit (D:10)
  4 bullfrog zombies
  3 centaur zombies
  A jelly (D:8)
  9 hounds
  3 bullfrog skeletons
  4 orc priests
  7 orc wizards
  A gnoll shaman (D:8)
  11 worker ants
  2 iguanas
  Terence (D:3)
  2 centaur simulacra (D:12)
  2 bullfrog simulacra (D:12)
  A hound zombie (D:9)
  2 hound skeletons
  3 worker ant zombies
  5 gnolls (D:8)
  A howler monkey skeleton (D:7)
  12 adders
  2 river rats (D:3)
  2 shadow imps (D:7)
  A white imp (D:7)
  An ooze (D:4)
  2 adder zombies
  4 worms
  3 dart slugs (D:1)
  4 leopard geckos
  47 orcs
  3 ball pythons
  7 bats
  6 giant cockroaches
  7 goblins
  9 hobgoblins
  3 jackals (D:2)
  2 quokkas
  5 frilled lizards
  13 kobolds
  A quokka skeleton (D:4)
  10 rats
309 creatures vanquished.

Vanquished Creatures (others)
  33 plants (D:8)
33 creatures vanquished.

Grand Total: 342 creatures vanquished

Notes
Turn   | Place    | Note
-------+----------+-------------------------------------------
     0 | D:1      | Almogavar the Minotaur Berserker began the quest for the
                  | Orb.
     0 | D:1      | Reached XP level 1. HP: 19/19 MP: 0/0
   138 | D:1      | Reached XP level 2. HP: 27/27 MP: 1/1
   539 | D:1      | Reached ** piety under Trog
   602 | D:1      | Reached XP level 3. HP: 33/33 MP: 2/2
  1316 | D:2      | Reached XP level 4. HP: 41/41 MP: 3/3
  1518 | D:3      | Reached skill level 1 in Slings
  1542 | D:3      | Reached skill level 5 in Long Blades
  1568 | D:3      | Found a glowing drain.
  1583 | Sewer    | Entered a sewer
  1782 | Sewer    | Noticed Purgy
  1795 | Sewer    | Killed Purgy
  1796 | Sewer    | Reached skill level 5 in Fighting
  1796 | Sewer    | Reached skill level 2 in Slings
  1796 | Sewer    | Reached XP level 5. HP: 41/48 MP: 4/4
  2058 | D:3      | Noticed Terence
  2070 | D:3      | Killed Terence
  2134 | D:3      | Found an iron altar of Okawaru.
  2290 | D:3      | Reached *** piety under Trog
  2291 | D:3      | Reached XP level 6. HP: 40/51 MP: 5/5
  2685 | D:3      | Found a sparkling altar of Nemelex Xobeh.
  2810 | D:4      | Noticed Eustachio
  2828 | D:4      | Killed Eustachio
  2829 | D:4      | Reached skill level 3 in Slings
  2981 | D:4      | Noticed a water elemental
  2983 | D:4      | Found a stormy altar of Qazlal.
  2985 | D:4      | Noticed a fire elemental
  2985 | D:4      | Noticed an air elemental
  3002 | D:4      | Noticed an ice beast
  3010 | D:4      | Killed an ice beast
  3011 | D:4      | Reached XP level 7. HP: 50/62 MP: 6/6
  3186 | D:4      | Reached skill level 4 in Slings
  3453 | D:4      | Found Ereoni's Jewellery Shoppe.
  3494 | D:4      | Reached skill level 5 in Armour
  3959 | D:4      | Found a broken altar of Ashenzari.
  3969 | D:4      | Found a stormy altar of Qazlal.
  3973 | D:4      | Found a sacrificial altar of Ru.
  4187 | D:5      | Entered Level 5 of the Dungeon
  4196 | D:5      | Noticed Menkaure
  4209 | D:5      | Killed Menkaure
  4210 | D:5      | Reached skill level 5 in Slings
  4459 | D:5      | Reached XP level 8. HP: 71/71 MP: 7/7
  4872 | D:5      | Found a shimmering blue altar of Sif Muna.
  5657 | D:6      | Found a staircase to the Ecumenical Temple.
  5668 | D:6      | Reached skill level 6 in Slings
  5743 | D:6      | Found a runed translucent door.
  5748 | D:6      | Found a basalt altar of Yredelemnul.
  5802 | D:6      | Noticed Grinder
  5811 | D:6      | Killed Grinder
  5812 | D:6      | Reached skill level 7 in Slings
  5915 | D:6      | Noticed Blork the orc
  5921 | D:6      | Killed Blork the orc
  5934 | D:6      | Reached **** piety under Trog
  6736 | D:7      | Got a jewelled dagger
  6883 | D:7      | Found Paafakitz's Weapon Shop.
  6919 | D:7      | Reached XP level 9. HP: 79/79 MP: 8/8
  6931 | D:7      | Noticed Joseph
  6944 | D:7      | Killed Joseph
  7019 | D:7      | Reached skill level 8 in Slings
  7194 | D:7      | Found a burning altar of Makhleb.
  7634 | D:7      | Noticed a troll
  7634 | D:7      | Noticed a deep elf mage
  7644 | D:7      | Killed a troll
  7654 | D:7      | Killed a deep elf mage
  7655 | D:7      | Reached skill level 9 in Slings
  8417 | D:8      | Reached skill level 1 in Shields
  8419 | D:8      | Reached XP level 10. HP: 58/88 MP: 9/9
  8803 | D:8      | Found a shimmering altar of Xom.
  8852 | D:8      | Reached ***** piety under Trog
  8877 | D:8      | Noticed a two-headed ogre
  8890 | D:8      | Killed a two-headed ogre
  9027 | D:8      | Reached skill level 10 in Slings
  9070 | D:8      | Found Zin's Purification Station.
  9073 | D:8      | Found a glowing silver altar of Zin.
  9626 | D:9      | Noticed Prince Ribbit
  9634 | D:9      | Killed Prince Ribbit
  9711 | D:9      | HP: 4/135 [troll (11)]
  9711 | D:9      | HP: 1/135 [troll (3)]
 10149 | D:9      | Noticed a two-headed ogre
 10161 | D:9      | Killed a two-headed ogre
 10393 | D:9      | Reached skill level 11 in Slings
 10798 | D:10     | Entered Level 10 of the Dungeon
 10798 | D:10     | Noticed a two-headed ogre
 10803 | D:10     | Killed a two-headed ogre
 10804 | D:10     | Reached XP level 11. HP: 97/97 MP: 10/10
 10853 | D:10     | Noticed a two-headed ogre
 10870 | D:10     | Killed a two-headed ogre
 11148 | D:10     | Found Ythicycs's Book Emporium.
 11193 | D:10     | Paralysed by a hornet for 1 turns
 11196 | D:10     | Reached skill level 10 in Fighting
 11196 | D:10     | Reached skill level 10 in Armour
 11592 | D:10     | Found a staircase to the Lair.
 11888 | D:10     | Noticed a two-headed ogre
 11901 | D:10     | Killed a two-headed ogre
 12319 | D:10     | Reached skill level 10 in Long Blades
 12347 | D:11     | Noticed a boulder beetle
 12769 | D:11     | Noticed a red ugly thing
 12780 | D:11     | Killed a red ugly thing
 12976 | D:11     | Killed a boulder beetle
 12977 | D:11     | Reached skill level 12 in Slings
 13188 | D:11     | Killed an unseen horror
 13375 | D:11     | Found Gyus's General Store.
 13408 | D:11     | Received a gift from Trog
 13803 | D:12     | Reached XP level 12. HP: 108/108 MP: 11/11
 13833 | D:12     | Found a runed translucent gate.
 13833 | D:12     | Found a runed translucent gate.
 13833 | D:12     | Found a runed translucent gate.
 13882 | D:12     | Found a staircase to the Orcish Mines.
 14251 | D:12     | Got a transparent dagger
 14375 | D:12     | Found Coneo's Book Boutique.
 14637 | D:12     | Noticed a blizzard demon
 14637 | D:12     | Noticed urm's ghost (journeyman TrBe)
 14842 | D:12     | Identified the +5 dagger of Qoteni {drain, +Inv Int+4 SInv}
                  | (You found it on level 7 of the Dungeon)
 14843 | D:12     | Identified the +4 dagger of Ratweg {freeze, *Rage rF+
                  | Int+4} (You found it on level 12 of the Dungeon)
 15331 | D:11     | HP: 4/110 [urm's ghost (28)]
 15333 | D:11     | Slain by urm's ghost

Illustrated notes

Levels and vault maps discovered:
D:1:      minmay_arrival_five_plusses, layout_loops_ring
D:2:      layout_rooms
D:3:      layout_basic, lemuel_coloured_pillars_altar, portal_sewer_entry_e,
          okawaru_gym_becter, uniq_terence
D:4:      layout_loops_ring, minmay_overflow_temple_star_quad, serial_shops,
          shop, nicolae_qazlal_style_of_elements, uniq_eustachio
D:5:      layout_loops_ring, lemuel_round_altar, nrook_mini_vaults,
          kennysheep_small_circle, uniq_menkaure
D:6:      layout_basic, minmay_temple_entry_stoned_glass, kennysheep_donut,
          dk_yredelemnul_ordeal, uniq_grinder, uniq_blork_the_orc
D:7:      minmay_the_grid_octo_2x2 [minmay_the_grid_octo_horde,
          minmay_the_grid_octo_thin_diamonds, minmay_the_grid_octo_clover,
          minmay_the_grid_octo_prize_big_c], layout_rooms, lemuel_doored_altar,
          serial_corexii_hall, corexii_hall_statues_u,
          chequers_hall_statues_wall_a, corexii_hall_statues_l,
          chequers_hall_statues_wall_a, serial_shops, kennysheep_mini,
          uniq_joseph
D:8:      layout_basic, zin_purify, lemuel_crystal_altar, serial_bayou,
          serial_bayou_pond_c, serial_bayou_lake_a, serial_bayou_pond_d,
          serial_bayou_lagoon_b, serial_bayou_pond_e
D:9:      layout_basic, uniq_prince_ribbit1
D:10:     layout_loops_cross, erik_lair_island, serial_shops, shop,
          kennysheep_generic_room_13
D:11:     layout_rooms, serial_shops, shop, minmay_misc_feat_doors
D:12:     layout_loops_ring, orc_0_dummy, serial_shops, nicolae_shop_stone,
          gammafunk_ghost_icy

Skill      XL: |  1  2  3  4  5  6  7  8  9 10 11 12 |
---------------+-------------------------------------+-----
Long Blades    | 4 5 6 7 8 9 10 | 10.9
Fighting       | 4 5 6 7 8 9 10 11 | 11.5
Armour         | 3 5 6 8 9 11 | 11.8
Slings         | 2 3 5 7 9 11 12 | 12.3
Dodging        | 3 4 |  4.4
Shields        | 1 2 |  2.8
Short Blades   | |  0.8
Stealth        | |  0.2

Action                   |  1- 3 |  4- 6 |  7- 9 | 10-12 || total
-------------------------+-------+-------+-------+-------++-------
Melee: Falchion          |    74 |    94 |   145 |   176 ||   489
       Headbutt          |    11 |    14 |    27 |    80 ||   132
       Long sword        |       |       |       |    24 ||    24
       Dagger            |       |       |       |    54 ||    54
 Fire: Hunting sling     |    21 |    58 |   178 |   359 ||   616
Invok: Berserk           |       |     2 |     5 |     9 ||    16
       Trog's Hand       |       |       |     2 |     3 ||     5
       Brothers in Arms  |       |       |       |     1 ||     1
  Use: Scroll            |       |     2 |     2 |     4 ||     8
       Potion            |       |       |       |     3 ||     3
Armor: Ring mail         |    26 |    37 |       |       ||    63
       Scale mail        |       |    32 |    16 |       ||    48
       Chain mail        |       |       |    62 |   138 ||   200
Dodge: Dodged            |    42 |    89 |    80 |   132 ||   343
Block: Buckler           |       |       |     9 |    50 ||    59
       Rpst.: Falchion   |    12 |    21 |    11 |    14 ||    58
       Long sword        |       |       |       |     1 ||     1
